 Dungeon Crawl Stone Soup version 0.29.1-15-g9cfb28693d (webtiles) character file.

Game seed: 2437889177848392692

37 PriceMaster the Stinger (level 3, 0/19 (22) HPs)
             Began as an Octopode Venom Mage on Apr 14, 2023.
             Slain by Terence
             ... wielding a +3 flail of draining
              (11 damage)
             ... on level 2 of the Dungeon.
             The game lasted 00:04:27 (2291 turns).

PriceMaster the Stinger (Octopode Venom Mage)       Turns: 2291, Time: 00:04:28

HP:   0/19 (22)     AC:  1    Str:  7    XL:     3   Next: 41%
MP:   0/6           EV: 13    Int: 19    God:
Gold: 33            SH:  0    Dex: 12    Spells: 3/6 levels left

rFire   . . .      SeeInvis .   e - +0 mace
rCold   . . .      Faith    .   (no shield)
rNeg    . . .      Spirit   .   (helmet restricted)
rPois   .          Reflect  .   (no amulet)
rElec   .          Harm     .   (no ring)
rCorr   .          Rampage  .   (no ring)
Will    .....                   (no ring)
Stlth   +++.......              (no ring)
HPRegen 0.06/turn               (no ring)
MPRegen 0.10/turn               (no ring)
                                (no ring)
                                (no ring)

@: very slightly contaminated, hasted, heavily drained, very quick
A: almost no armour, amphibious, 8 rings, camouflage 1, gelatinous body 1,
(nimble swimmer 1), tentacles
a: no special abilities


You were on level 2 of the Dungeon.
You visited 1 branch of the dungeon, and saw 2 of its levels.

You collected 33 gold pieces.

Inventory:

Hand Weapons
 c - a +0 dagger
 e - a +0 mace (weapon)
Missiles
 d - 6 silver javelins
Scrolls
 g - a scroll of poison
 h - a scroll of amnesia {unknown}
Potions
 b - a potion of curing {unknown}
 k - a potion of brilliance {unknown}


   Skills:
 + Level 0.3 Fighting
 + Level 0.1 Maces & Flails
 + Level 2.2 Dodging
 + Level 2.9 Stealth
 + Level 0.2 Unarmed Combat
 + Level 2.3 Spellcasting
 + Level 1.3 Transmutations
 + Level 0.3 Air Magic
 + Level 4.2 Poison Magic


You had 3 spell levels left.
You knew the following spells:

 Your Spells              Type           Power      Damage    Failure   Level
a - Sting                 Tmut/Pois      48%        1d5       5%          1
b - Poisonous Vapours     Pois/Air       20%        N/A       10%         2

Your spell library contained the following spells:

 Spells                   Type           Power      Damage    Failure   Level
 Mephitic Cloud           Conj/Pois/Air  8%         N/A       26%         3
 Olgreb's Toxic Radiance  Pois           18%        N/A       28%         4


Dungeon Overview and Level Annotations

Branches:
Dungeon (2/15)

Altars:

Annotations:
D:2 Terence


Innate Abilities, Weirdness & Mutations

You cannot wear most types of armour.
You are amphibious.
You can wear up to eight rings at the same time.
Your skin changes colour to match your surroundings (Stealth+).
Your rubbery body absorbs attacks. (AC +1, EV +1)
((You are camouflaged when in or above water. (Stealth+)))
You have tentacles for arms and can constrict up to eight enemies at once.


Message History

Casting: Poisonous Vapours (safe; 10% risk of failure)
Confirm with . or Enter, or press ? or * to list all spells.
Aiming: Poisonous Vapours (safe; 10% risk of failure)
Press: ? - help, Dir - move target, f/p - Terence
Aim: Terence, wielding a +3 flail of draining and wearing a +0 chain mail (lightly wounded, poisoned)
You miscast Poisonous Vapours.
You are very lightly contaminated with residual magic.
Nothing appears to happen.
Terence misses you.
Casting: Poisonous Vapours (safe; 10% risk of failure)
Confirm with . or Enter, or press ? or * to list all spells.
Aiming: Poisonous Vapours (safe; 10% risk of failure)
Press: ? - help, Dir - move target, f/p - Terence
Aim: Terence, wielding a +3 flail of draining and wearing a +0 chain mail (lightly wounded, poisoned)
You miscast Poisonous Vapours.
Nothing appears to happen.
Terence hits you with a +3 flail of draining!
Ouch! That really hurt!
* * * LOW HITPOINT WARNING * * *
You feel drained.
* * * LOW HITPOINT WARNING * * *
You feel yourself speed up. Terence barely misses you.
It was a potion of heal wounds.
You feel much better.
Casting: Poisonous Vapours (safe; 10% risk of failure)
Confirm with . or Enter, or press ? or * to list all spells.
You don't have enough magic to cast this spell.
The sting hits Terence but does no damage.
Terence looks even sicker.
Terence is lightly wounded.
Terence barely misses you.
You hit Terence but do no damage. You grab Terence.
You squeeze Terence, but do no damage.
Terence is moderately wounded.
You constrict Terence, but do no damage.
Terence hits you with a +3 flail of draining!
You feel drained.
You hit Terence but do no damage.
Terence is moderately wounded.
You constrict Terence, but do no damage.
Terence hits you with a +3 flail of draining!
Ouch! That really hurt!
You die...

##...####.........###
#..## ##.......##
####.## ##.....##
#.....# ##...##
#.###.# ##+# # #>#
#.###.# ###.....#####
#.......@...#
#.###.#.#@#.# #
#.#..........
#.#...#.#####
#.....#.# ###.#.# #
#.... ....## ######


You could see Terence (very poisoned).

Vanquished Creatures
  A worm (D:2)
  A dart slug (D:2)
  2 endoplasms (D:1)
  5 goblins
  5 hobgoblins
  5 jackals (D:1)
  2 kobolds (D:1)
  A quokka (D:1)
  A ball python (D:1)
  2 bats (D:1)
  2 frilled lizards (D:1)
  A rat (D:1)
28 creatures vanquished.

Vanquished Creatures (others)
  A plant (D:1)
1 creature vanquished.

Grand Total: 29 creatures vanquished

Notes
Turn   | Place    | Note
-------+----------+-------------------------------------------
     0 | D:1      | PriceMaster the Octopode Venom Mage began the quest for the
                  | Orb.
     0 | D:1      | Reached XP level 1. HP: 11/11 MP: 3/3
   183 | D:1      | Reached skill level 4 in Poison Magic
   183 | D:1      | Reached XP level 2. HP: 14/17 MP: 0/5
  1218 | D:1      | Reached XP level 3. HP: 2/21 MP: 1/6
  2095 | D:2      | Learned a level 2 spell: Poisonous Vapours
  2279 | D:2      | Noticed Terence
  2291 | D:2      | Slain by Terence

Illustrated notes

Levels and vault maps discovered:
D:1:      scummos_arrival_star, layout_loops_cross,
          hangedman_abyss_or_decor_stabs, chequers_big_river
D:2:      layout_loops_corners, uniq_crazy_yiuf_cottage, uniq_terence

Skill      XL: |  1 |
---------------+----+-----
Poison Magic   | 4 |  4.2
Fighting       | |  0.3
Maces & Flails | |  0.1
Dodging        | |  2.2
Stealth        | |  2.9
Unarmed Combat | |  0.2
Spellcasting   | |  2.3
Transmutations | |  1.3
Air Magic      | |  0.3

Action                   || total
-------------------------++-------
Melee: Unarmed           ||    17
       Tentacles         ||    11
       Constrict         ||    12
       Mace              ||    20
 Cast: Sting             ||    37
       Poisonous Vapours ||     6
  Use: Scroll            ||     3
       Potion            ||     3
 Stab: Sleeping          ||     1
Armor: Skin              ||     8
Dodge: Dodged            ||    47
